 Dungeon Crawl Stone Soup version 0.25-a0-507-gf66f01b (webtiles) character file.

Game seed: 11189457868744386086, levelgen mode: deterministic

358204 wolfsongas the Warrior (level 22, 0/160 HPs)
             Began as a Gnoll Wanderer on Feb 14, 2020.
             Was an Initiate of Gozag.
             Killed by divine providence
             ... invoked by a deep elf high priest
              (13 damage)
             ... on level 5 of the Vaults on Feb 15, 2020.
             The game lasted 03:08:45 (61968 turns).

wolfsongas the Warrior (Gnoll Wanderer)            Turns: 61968, Time: 03:08:45

Health: 0/160      AC: 36    Str: 22    XL:     22   Next: 38%
Magic:  40/40      EV: 17    Int: 16    God:    Gozag
Gold:   4953       SH: 20    Dex: 23    Spells: 38/49 levels left

rFire    + . .     SeeInvis .   P - +6 demon blade (flame)
rCold    + . .     Gourm    .   i - +5 kite shield {rC+}
rNeg     . . .     Faith    .   K - +7 plate armour {rF+}
rPois    +         Spirit   .   f - +0 hat {Int+3}
rElec    +         Reflect  .   R - +5 cloak "Egehibeg" {rF- Dex+4 Slay+3}
rCorr    .         Harm     .   p - +0 pair of gloves
MR       ++...                  e - +1 pair of boots {Fly}
Stlth    ++........             o - amulet "Bukuwner" {+Rage rPois}
HPRegen  0.36/turn              I - ring "Souxkoma" {+Inv rElec rF+}
MPRegen  0.27/turn              B - ring of protection from magic

@: gold aura, very slightly contaminated, invisible, bribing [the Vaults]
A: distributed training, claws 1, fangs 1, hooves 1, horns 1, iridescent scales
1, frail 1, MP-powered wands, strong nose
}: 2/15 runes: decaying, gossamer
a: Potion Petition, Call Merchant, Bribe Branch, Renounce Religion, Evoke
Berserk Rage, Evoke Flight


You were on level 5 of the Vaults.
You worshipped Gozag.
Gozag was most pleased with you.
You were not hungry.

You visited 9 branches of the dungeon, and saw 40 of its levels.
You visited the Abyss 2 times.
You visited 1 bazaar.
You also visited: Ossuary, Gauntlet and Volcano.

You collected 18443 gold pieces.
You spent 5558 gold pieces at shops.
You paid 7932 gold pieces to Gozag.

Inventory:

Hand Weapons
 c - a +0 broad axe of freezing
 l - the +3 long sword of Equivalence {venom, Str+2 Dex+5 SInv}
   (You found it on level 3 of the Lair of Beasts)

   It poisons the flesh of those it strikes.
   It affects your strength (+2).
   It affects your dexterity (+5).
   It lets you see invisible.
 v - a +2 vorpal double sword
 P - a +6 demon blade of flaming (weapon)
Armour
 e - a +1 pair of boots of flying (worn)
 f - a +0 hat of intelligence (worn)
 i - a +5 kite shield of cold resistance (worn)
 n - a scarf of cloud immunity
 p - a +0 pair of gloves (worn)
 K - a +7 plate armour of fire resistance (worn)
 N - a +0 kite shield of reflection
 R - the +5 cloak "Egehibeg" (worn) {rF- Dex+4 Slay+3}
   (You bought it in a shop on level 2 of the Orcish Mines)

   It affects your dexterity (+4).
   It affects your accuracy and damage with ranged weapons and melee attacks
   (+3).
   It makes you vulnerable to fire.
   If you remove this armour, your AC will decrease by 7 (36 -> 29).
Jewellery
 j - an uncursed ring of protection from cold
 k - an uncursed ring of protection from fire
 o - the amulet "Bukuwner" (around neck) {+Rage rPois}
   (You found it in a Gauntlet)

   [amulet of rage]

   It protects you from poison.
   It lets you go berserk.
 r - a +5 ring of slaying
 B - a ring of protection from magic (right hand)
 C - the ring of Xoxekledd {*Contam rF+ EV+2 Str+5}
   (You took it off a vault guard on level 4 of the Vaults)

   [ring of evasion]

   It affects your evasion (+2).
   It affects your strength (+5).
   It protects you from fire.
   It causes magical contamination when unequipped.
 G - an uncursed ring of wizardry
 I - the ring "Souxkoma" (left hand) {+Inv rElec rF+}
   (You found it on level 6 of the Lair of Beasts)

   [ring of protection from fire]

   It protects you from fire.
   It insulates you from electricity.
   It lets you turn invisible.
 J - the ring "Tatouv" {rN+ EV+5}
   (You bought it in a shop on level 11 of the Dungeon)

   [ring of evasion]

   It affects your evasion (+5).
   It protects you from negative energy.
 O - a +6 ring of evasion
Wands
 u - a wand of polymorph (12)
 y - a wand of flame (68)
 A - a wand of disintegration (12)
 E - a wand of acid (37)
 F - a wand of digging (13)
 H - a wand of random effects (27)
 W - a wand of iceblast (24)
Scrolls
 b - 6 scrolls of magic mapping
 m - 20 scrolls of remove curse
 D - a scroll of identify
 M - 2 scrolls of amnesia
Potions
 a - 5 potions of curing
 g - 3 potions of flight
 h - 4 potions of mutation
 s - 6 potions of lignification
 t - 6 potions of brilliance
 w - a potion of magic
 x - a potion of agility
 Q - a potion of might
 T - a potion of resistance
 U - 2 potions of ambrosia
 V - a potion of haste
Miscellaneous
 q - a tremorstone
Comestibles
 d - 13 rations


   Skills:
 + Level 16.1 Fighting
 + Level 14.3 Short Blades
 + Level 14.9 Long Blades
 + Level 14.3 Axes
 + Level 14.3 Maces & Flails
 + Level 14.5 Polearms
 + Level 14.3 Staves
 + Level 14.3 Slings
 + Level 14.3 Bows
 + Level 14.3 Crossbows
 + Level 14.9 Throwing
 + Level 14.3 Armour
 + Level 14.5 Dodging
 + Level 14.3 Stealth
 + Level 14.3 Shields
 + Level 14.3 Unarmed Combat
 + Level 14.3 Spellcasting
 + Level 12.3 Conjurations
 + Level 12.3 Hexes
 + Level 12.3 Charms
 + Level 12.3 Summonings
 + Level 12.3 Necromancy
 + Level 12.3 Translocations
 + Level 12.3 Transmutations
 + Level 12.3 Fire Magic
 + Level 12.3 Ice Magic
 + Level 12.3 Air Magic
 + Level 12.3 Earth Magic
 + Level 12.3 Poison Magic
 + Level 15.4 Invocations
 + Level 14.3 Evocations


You had 38 spell levels left.
You knew the following spells:

 Your Spells              Type           Power        Failure   Level  Hunger
a - Summon Lightning Spi  Summ/Air       ######..     3%          4    ##.....
b - Borgnjor's Vile Clut  Necr/Erth      ######....   11%         5    ####...
c - Passwall              Tmut/Erth      ######..     1%          2    None

Your spell library contained the following spells:

 Spells                   Type           Power        Failure   Level  Hunger
 Animate Skeleton         Necr           N/A          1%          1    None
 Apportation              Tloc           ######       1%          1    None
 Beastly Appendage        Tmut           ######       1%          1    None
 Corona                   Hex            ######.      1%          1    None
 Foxfire                  Conj/Fire      ####         1%          1    None
 Magic Dart               Conj           ####         1%          1    None
 Sting                    Tmut/Pois      ####         1%          1    None
 Summon Small Mammal      Summ           ####         1%          1    None
 Call Imp                 Summ           ######..     1%          2    None
 Ensorcelled Hibernation  Hex/Ice        ######       1%          2    None
 Poisonous Vapours        Pois/Air       ######       1%          2    None
 Searing Ray              Conj           ######       1%          2    None
 Slow                     Hex            ######..     1%          2    None
 Sticks to Snakes         Tmut           ######..     1%          2    None
 Sublimation of Blood     Necr           ######....   1%          2    None
 Call Canine Familiar     Summ           ######..     1%          3    None
 Confusing Touch          Hex            ######..     1%          3    None
 Conjure Flame            Conj/Fire      ######..     1%          3    None
 Dazzling Flash           Conj/Hex       ######       1%          3    None
 Gell's Gravitas          Tloc           ######....   1%          3    None
 Ignite Poison            Fire/Tmut/Pois ######..     1%          3    None
 Inner Flame              Hex/Fire       ######..     1%          3    None
 Mephitic Cloud           Conj/Pois/Air  ######..     1%          3    None
 Portal Projectile        Hex/Tloc       ######       1%          3    None
 Spider Form              Tmut/Pois      ######....   1%          3    None
 Summon Guardian Golem    Hex/Summ       ######..     1%          3    None
 Cause Fear               Hex            ######....   3%          4    ##.....
 Fulminant Prism          Conj/Hex       ######....   3%          4    ##.....
 Ice Form                 Ice/Tmut       ######..     3%          4    ##.....
 Iskenderun's Mystic Bla  Conj/Tloc      ######..     3%          4    ##.....
 Leda's Liquefaction      Hex/Erth       ######....   3%          4    ##.....
 Olgreb's Toxic Radiance  Pois           ######..     3%          4    ##.....
 Petrify                  Tmut/Erth      ######..     3%          4    ##.....
 Sticky Flame             Conj/Fire      ######..     3%          4    ##.....
 Summon Ice Beast         Ice/Summ       ######..     3%          4    ##.....
 Alistair's Intoxication  Tmut/Pois      ######..     11%         5    ####...
 Blade Hands              Tmut           ######....   11%         5    ####...
 Fireball                 Conj/Fire      ######....   11%         5    ####...
 Irradiate                Conj/Tmut      ######....   11%         5    ####...
 Lightning Bolt           Conj/Air       ######....   11%         5    ####...
 Metabolic Englaciation   Hex/Ice        ######....   11%         5    ####...
 Silence                  Hex/Air        ######....   11%         5    ####...
 Yara's Violent Unravell  Hex/Tmut       ######....   11%         5    ####...
 Darkness                 Hex            ######....   52%         6    ######.
 Eringya's Noxious Bog    Tmut/Pois      ######....   52%         6    ######.
 Shadow Creatures         Summ           N/A          52%         6    ######.
 Starburst                Conj/Fire      ######....   52%         6    ######.


Dungeon Overview and Level Annotations

Branches:
Dungeon (15/15)            Temple (1/1) D:7            Lair (6/6) D:8
  Swamp (4/4) Lair:3       Spider (4/4) Lair:2        Slime (0/5) Lair:5
    Orc (2/2) D:11            Elf (2/3) Orc:2        Vaults (5/5) D:14
  Crypt (0/3) Vaults:2     Depths (1/5) D:15        Ossuary (visited)
Volcano (visited)         Gauntlet (visited)

Altars:
Ashenzari
Cheibriados
Dithmenos
Elyvilon
Fedhas
Gozag
Hepliaklqana
Kikubaaqudgha
Makhleb
Nemelex Xobeh
Okawaru
Qazlal
Ru
Sif Muna
Trog
Uskayaw
Vehumet
Wu Jian
Xom
Yredelemnul
Zin
The Shining One
Beogh

Shops:
D:9 (   D:11 =(   D:13 *   D:14 }   D:15 }   Orc:2 [!?}[?=   Elf:1 !
Vaults:1 ?(?   Vaults:2 (   Vaults:3 =

Annotations:
Lair:1 1 runed translucent door, Bicerhas's ghost, journeyman MiBe
Swamp:1 Roxanne


Innate Abilities, Weirdness & Mutations

Your experience applies equally to all skills.
You have very sharp teeth.
Your uncanny sense of smell can sniff out nearby items.
You have sharp fingernails.
You have large cloven feet.
You have a pair of small horns on your head.
You are partially covered in iridescent scales. (AC +2)
You are frail. (-10% HP)
You expend magic power (3 MP) to strengthen your wands.


Message History

The titan is no longer distracted by gold.
The fire giant gestures at you while chanting.
The bolt of fire hits you. You resist.
The titan waves its arms in wide circles.
The deep elf high priest invokes the aid of its god against you.
Something smites you!
The sphinx casts a spell.
Something smites you!
* * * LOW HITPOINT WARNING * * *
There is a stone staircase leading up here.
Items here: $ ((( 29 gold pieces; a stone; 3 arrows; 12 bolts The deep elf high priest is no longer distracted by gold.
The vault warden hits you with a +0 bardiche!!
* * * LOW HITPOINT WARNING * * *
The deep elf high priest becomes distracted by the nearby gold, dreaming of imaginary riches.
The deep elf high priest mumbles some strange prayers to its god against you.
Something smites you!
You die...
Your body crumbles into a pile of gold.

#. #....# .....
#...#....# .....
#...#....##.....
##..e#....#......
.....#..(.#......
...(..((.......#
######.((((...#####
.......((<<........
.......(@p.<.......
.......CC<<[.......
.....(X$(Cc)(......
######.p......#####
..p.C........#


$$$$ p..(C.#....#...... $$$ ..H...#....##..##C $$ .(..se#....# .## $
......#....# .# You could see a tentacled monstrosity, 2 titans, a frost giant,
2 fire giants, a sphinx, 3 vault wardens, 2 deep elf high priests, a yaktaur and
a tarantella shaped shifter (wandering).

Vanquished Creatures
  Mara (Spider:4)
  Bai Suzhen (Vaults:3)
  Boris (Vaults:4)
  2 golden dragons
  Nikola (Spider:4)
  Jorgrun (Orc:1)
  2 liches
  Rupert (Lair:3)
  A titan (Vaults:5)
  A quicksilver dragon (Vaults:4)
  A sphinx (Vaults:3)
  3 thorn hunters
  Gastronok (Lair:2)
  A shadow dragon (Vaults:4)
  Kirke (Spider:1)
  A storm dragon (Vaults:4)
  Donald (Elf:1)
  A fire giant (Vaults:4)
  Louise (Spider:1)
  A frost giant (Vaults:4)
  A deep elf sorcerer (Elf:1)
  4 emperor scorpions
  An orc warlord (Orc:1)
  3 ghost moths (Spider:4)
  8 vault wardens
  Aizul (Swamp:1)
  A ghoul (Vaults:2)
  A war gargoyle (Vaults:4)
  3 very ugly things
  4 stone giants
  10 ironheart preservers
  2 entropy weavers
  2 deep elf demonologists (Vaults:1)
  Azrael (Spider:1)
  A dire elephant (Lair:6)
  4 spark wasps (Spider:4)
  A minotaur (Gauntlet)
  6 ettins
  2 deep elf death magi
  Snorg (Lair:3)
  3 fire dragons
  6 yaktaur captains
  10 ogre magi
  3 great orbs of eyes
  2 rakshasas (Vaults:3)
  Fannar (Lair:2)
  23 hydras
  A deep elf high priest (Vaults:5)
  Harold (Lair:2)
  A catoblepas (D:14)
  6 ice dragons
  A shambling mangrove (Swamp:3)
  31 vault guards
  3 death knights
  Erica (Lair:2)
  13 centaur warriors
  A two-headed ogre (shapeshifter) (Vaults:5)
  14 alligators
  20 death yaks
  2 deep troll shamans
  26 two-headed ogres
  A thrashing horror (Abyss:2)
  2 tengu warriors
  An orc high priest (Orc:2)
  Nergalle (D:10)
  2 spriggan berserkers (Swamp:4)
  10 deep elf knights
  8 spriggans
  3 shadow wraiths
  5 skeletal warriors
  3 unseen horrors
  A spriggan druid (Swamp:1)
  12 deep trolls
  2 flayed ghosts (Vaults:4)
  11 deep elf archers
  3 wizards
  13 ironbrand convokers
  16 orc knights
  10 swamp dragons
  6 harpies
  2 necromancers (Vaults:4)
  A frost giant zombie (Vaults:4)
  4 manticores
  11 orc sorcerers
  28 wolf spiders
  15 orb spiders
  A stone giant zombie (Vaults:4)
  25 deep elf magi
  25 ugly things
  A moth of wrath (Spider:3)
  3 cyclopes
  A stone giant skeleton (Vaults:4)
  8 elephants (Lair:4)
  A moth of wrath (shapeshifter) (Vaults:5)
  A human skeleton (Vaults:4)
  2 salamanders (shapeshifter)
  10 vault sentinels
  10 black mambas
  32 spiny frogs
  3 torpor snails
  8 gargoyles
  Maggie (D:8)
  5 freezing wraiths
  15 yaktaurs
  2 efreet
  19 demonic crawlers
  5 rime drakes
  7 komodo dragons
  9 trolls
  16 jumping spiders
  A shadow dragon simulacrum (Vaults:4)
  23 hornets
  Grinder (D:3)
  17 tyrant leeches
  A tengu simulacrum (Vaults:1)
  11 bog bodies
  5 dream sheep
  38 blink frogs
  2 raiju (shapeshifter)
  A sphinx simulacrum (Vaults:3)
  18 slime creatures
  7 hippogriffs
  A hippogriff (shapeshifter) (Vaults:4)
  An air elemental (Elf:1)
  An ettin skeleton (Vaults:4)
  A centaur simulacrum (D:15)
  2 shadows
  49 redbacks
  A spriggan (shapeshifter) (Vaults:3)
  26 tarantellas
  6 wraiths
  Sigmund (D:4)
  8 fire elementals
  39 yaks
  3 water elementals
  6 fire bats (Volcano)
  2 steam dragons
  2 hungry ghosts
  A hog (Spider:1)
  The ghost of zazu2006 the Sneak, an amateur GnWn (D:3)
  12 basilisks
  Grum (D:10)
  28 vampire mosquitoes
  4 insubstantial wisps (Swamp:1)
  A deep troll zombie (Vaults:4)
  4 human zombies (Vaults:4)
  A soldier ant (D:15)
  20 swamp worms
  12 wargs
  3 hell hounds
  8 water moccasins
  10 porcupines
  4 black bears
  14 swamp drakes
  4 ice beasts
  A phantom (D:10)
  An eye of draining (shapeshifter) (Vaults:1)
  A hornet zombie (D:9)
  45 orc warriors
  2 sky beasts
  A necrophage (D:7)
  32 ogres
  28 centaurs
  10 wolves
  A tengu (shapeshifter) (Vaults:4)
  12 crocodiles
  3 elf zombies (Ossuary)
  A big kobold (shapeshifter) (Vaults:2)
  A big kobold (D:9)
  22 bullfrogs
  3 earth elementals
  A gnoll sergeant (D:11)
  A wyvern zombie (D:5)
  6 scorpions
  10 killer bees
  26 wights
  A howler monkey (D:12)
  5 lava snakes (Volcano)
  4 crimson imps
  3 bullfrog zombies
  3 centaur zombies
  A quasit (D:8)
  21 orc priests
  12 hounds
  7 jellies
  46 orc wizards
  3 human simulacra
  3 bullfrog skeletons
  A gnoll shaman (Orc:2)
  7 centaur skeletons
  3 iguanas
  14 worker ants
  3 hound zombies
  A hound skeleton (D:7)
  A howler monkey zombie (D:7)
  4 mummies (Ossuary)
  A howler monkey skeleton (D:8)
  2 worker ant zombies
  16 gnolls
  16 adders
  3 shadow imps
  4 oozes
  4 adder zombies
  2 adder skeletons (D:4)
  5 worms
  2 dart slugs
  9 leopard geckos
  94 orcs
  2 ball pythons
  A bat zombie (D:3)
  2 giant cockroaches
  5 goblins
  8 hobgoblins
  4 jackals
  6 quokkas
  6 bats
  8 frilled lizards
  A goblin zombie (Ossuary)
  A jackal zombie (Ossuary)
  10 kobolds
  A kobold zombie (Ossuary)
  2 leopard gecko skeletons (D:5)
  A leopard gecko zombie (D:7)
  9 rats
  4 rat zombies
  A fungus (Elf:2)
  A plant (Bazaar)
  A withered plant (D:14)
1616 creatures vanquished.

Vanquished Creatures (collateral kills)
  Arachne (Spider:4)
  A deep elf sorcerer (Vaults:5)
  A ghost moth (Spider:4)
  A vault guard (Vaults:5)
  4 swamp dragons
  2 orb spiders (Spider:4)
  An ironbrand convoker (Vaults:4)
  A deep elf mage (Elf:1)
  A vault sentinel (Vaults:4)
  2 yaktaurs (Vaults:3)
  A tyrant leech (Swamp:4)
  2 slime creatures
  A redback (Spider:4)
  A tarantella (Spider:4)
  2 orc warriors
  A briar patch (Swamp:4)
23 creatures vanquished.

Vanquished Creatures (others)
  A tentacled monstrosity (Vaults:5)
  A storm dragon (Vaults:4)
  A vault warden (Vaults:4)
  A yaktaur captain (Vaults:5)
  A rakshasa (Vaults:2)
  A centaur warrior (D:15)
  4 dancing weapons
  A two-headed ogre (Vaults:3)
  2 deep elf knights
  A necromancer (Vaults:4)
  2 deep elf magi (Vaults:4)
  An orc knight (Vaults:1)
  Maurice (D:8)
  A vault sentinel (Vaults:1)
  A komodo dragon (Lair:5)
  2 yaktaurs (Vaults:4)
  A redback (Spider:4)
  A human (Spider:1)
  A floating eye (shapeshifter) (Vaults:5)
  An orc wizard (Orc:2)
  2 orcs
  A briar patch (Swamp:4)
  22 fungi
  48 plants
99 creatures vanquished.

Grand Total: 1738 creatures vanquished

Notes
Turn   | Place    | Note
-------+----------+-------------------------------------------
     0 | D:1      | wolfsongas the Gnoll Wanderer began the quest for the Orb.
     0 | D:1      | wolfsongas set off with the following items: a +0 falchion,
                  | a potion of curing, a +2 leather armour, a ration
     0 | D:1      | Reached XP level 1. HP: 26/26 MP: 1/1
    75 | D:1      | Reached XP level 2. HP: 31/33 MP: 2/2
   303 | D:1      | Gained mutation: You have large cloven feet. [potion of
                  | mutation]
   303 | D:1      | Gained mutation: Your magical capacity is low. (-10% MP)
                  | [potion of mutation]
   303 | D:1      | Gained mutation: You evolve. [potion of mutation]
   351 | D:1      | Reached XP level 3. HP: 33/38 MP: 3/3
   896 | D:2      | Found a blossoming altar of Fedhas.
   916 | D:2      | Reached skill level 1 in Invocations
  1015 | D:2      | Reached skill level 1 in Short Blades
  1015 | D:2      | Reached skill level 1 in Axes
  1015 | D:2      | Reached skill level 1 in Maces & Flails
  1015 | D:2      | Reached skill level 1 in Staves
  1015 | D:2      | Reached skill level 1 in Slings
  1015 | D:2      | Reached skill level 1 in Bows
  1015 | D:2      | Reached skill level 1 in Crossbows
  1015 | D:2      | Reached skill level 1 in Armour
  1015 | D:2      | Reached skill level 1 in Stealth
  1015 | D:2      | Reached skill level 1 in Shields
  1015 | D:2      | Reached skill level 1 in Unarmed Combat
  1015 | D:2      | Reached skill level 1 in Spellcasting
  1015 | D:2      | Reached skill level 1 in Evocations
  1015 | D:2      | Reached XP level 4. HP: 42/45 MP: 3/5
  1314 | D:2      | Gained mutation: You expend magic power (3 MP) to
                  | strengthen your wands. [evolution]
  1564 | D:3      | Reached skill level 1 in Conjurations
  1564 | D:3      | Reached skill level 1 in Hexes
  1564 | D:3      | Reached skill level 1 in Charms
  1564 | D:3      | Reached skill level 1 in Summonings
  1564 | D:3      | Reached skill level 1 in Necromancy
  1564 | D:3      | Reached skill level 1 in Translocations
  1564 | D:3      | Reached skill level 1 in Transmutations
  1564 | D:3      | Reached skill level 1 in Fire Magic
  1564 | D:3      | Reached skill level 1 in Ice Magic
  1564 | D:3      | Reached skill level 1 in Air Magic
  1564 | D:3      | Reached skill level 1 in Earth Magic
  1564 | D:3      | Reached skill level 1 in Poison Magic
  1621 | D:3      | Found a runed translucent gate.
  1621 | D:3      | Found a runed translucent gate.
  1621 | D:3      | Noticed zazu2006's ghost (amateur GnWn)
  1622 | D:3      | Found a runed translucent gate.
  1646 | D:3      | Killed zazu2006's ghost
  1646 | D:3      | Reached XP level 5. HP: 38/51 MP: 4/6
  1646 | D:3      | Reached XP level 6. HP: 42/57 MP: 4/7
  1833 | D:3      | Gained mutation: You are agile. (Dex +2) [evolution]
  1840 | D:3      | Noticed Grinder
  1844 | D:3      | Paralysed by Grinder for 3 turns
  1851 | D:3      | Paralysed by Grinder for 2 turns
  1857 | D:3      | Paralysed by Grinder for 5 turns
  1864 | D:3      | Killed Grinder
  1864 | D:3      | Reached skill level 5 in Long Blades
  1864 | D:3      | Reached skill level 5 in Throwing
  1974 | D:3      | Reached XP level 7. HP: 42/63 MP: 7/9
  2285 | D:3      | Found an ancient bone altar of Kikubaaqudgha.
  2669 | D:4      | Found a sparkling altar of Nemelex Xobeh.
  2776 | D:4      | Identified Cibik's Grimoire of Poisonous Transmigration
  3066 | D:4      | Noticed Sigmund
  3087 | D:4      | Killed Sigmund
  3087 | D:4      | Reached skill level 9 in Fighting
  3144 | D:4      | Found a white marble altar of Elyvilon.
  3184 | D:4      | Found a stormy altar of Qazlal.
  3187 | D:4      | Found a burning altar of Makhleb.
  3515 | D:5      | Entered Level 5 of the Dungeon
  3525 | D:5      | Reached XP level 8. HP: 69/71 MP: 10/10
  4183 | D:5      | Found a glowing golden altar of the Shining One.
  4780 | D:6      | Found a sand-covered staircase.
  4787 | Ossuary  | Entered an ossuary
  4811 | Ossuary  | Reached XP level 9. HP: 65/76 MP: 11/13
  5868 | D:6      | Reached skill level 5 in Polearms
  5868 | D:6      | Reached skill level 5 in Dodging
  6245 | D:7      | Reached skill level 5 in Invocations
  6685 | D:7      | Found a sacrificial altar of Ru.
  6727 | D:7      | Reached XP level 10. HP: 40/84 MP: 7/15
  6886 | D:7      | Gained mutation: You are frail. (-10% HP) [evolution]
  6887 | D:7      | Lost mutation: Your magical capacity is low. (-10% MP)
                  | [potion of mutation]
  6887 | D:7      | Lost mutation: You are agile. (Dex +2) [potion of mutation]
  6887 | D:7      | Lost mutation: You evolve. [potion of mutation]
  6887 | D:7      | Gained mutation: You are partially covered in iridescent
                  | scales. (AC +2) [potion of mutation]
  6887 | D:7      | Gained mutation: You have a pair of small horns on your
                  | head. [potion of mutation]
  6887 | D:7      | Gained mutation: You have sharp fingernails. [potion of
                  | mutation]
  6931 | D:7      | Found a staircase to the Ecumenical Temple.
  7000 | D:7      | Found a shadowy altar of Dithmenos.
  7242 | Temple   | Entered the Ecumenical Temple
  7427 | Temple   | Became a worshipper of Gozag Ym Sagoz the Greedy
  7491 | D:8      | Noticed Maggie
  7500 | D:8      | Killed Maggie
  7537 | D:8      | Reached skill level 5 in Short Blades
  7537 | D:8      | Reached skill level 5 in Axes
  7537 | D:8      | Reached skill level 5 in Maces & Flails
  7537 | D:8      | Reached skill level 5 in Staves
  7537 | D:8      | Reached skill level 5 in Slings
  7537 | D:8      | Reached skill level 5 in Bows
  7537 | D:8      | Reached skill level 5 in Crossbows
  7537 | D:8      | Reached skill level 5 in Armour
  7537 | D:8      | Reached skill level 5 in Stealth
  7537 | D:8      | Reached skill level 5 in Shields
  7537 | D:8      | Reached skill level 5 in Unarmed Combat
  7537 | D:8      | Reached skill level 5 in Spellcasting
  7537 | D:8      | Reached skill level 5 in Evocations
  7545 | D:8      | Noticed a two-headed ogre
  7556 | D:8      | Killed a two-headed ogre
  7556 | D:8      | Reached skill level 10 in Fighting
  8096 | D:8      | Noticed Maurice
  8108 | D:8      | Killed Maurice
  8175 | D:8      | Found a staircase to the Lair.
  8245 | D:8      | Reached XP level 11. HP: 71/81 MP: 19/19
  8286 | D:8      | Found a blossoming altar of Fedhas.
  8365 | D:8      | Got a dazzling ring mail
  8942 | D:9      | Reached skill level 5 in Conjurations
  8942 | D:9      | Reached skill level 5 in Hexes
  8942 | D:9      | Reached skill level 5 in Charms
  8942 | D:9      | Reached skill level 5 in Summonings
  8942 | D:9      | Reached skill level 5 in Necromancy
  8942 | D:9      | Reached skill level 5 in Translocations
  8942 | D:9      | Reached skill level 5 in Transmutations
  8942 | D:9      | Reached skill level 5 in Fire Magic
  8942 | D:9      | Reached skill level 5 in Ice Magic
  8942 | D:9      | Reached skill level 5 in Air Magic
  8942 | D:9      | Reached skill level 5 in Earth Magic
  8942 | D:9      | Reached skill level 5 in Poison Magic
  8943 | D:9      | Found Kehiuk's Antique Weapon Boutique.
  9352 | D:9      | Identified the +4 ring mail of Liberty {rPois} (You found
                  | it on level 8 of the Dungeon)
  9790 | D:10     | Entered Level 10 of the Dungeon
  9872 | D:10     | Noticed Nergalle
  9887 | D:10     | Killed Nergalle
 10308 | D:10     | Killed an unseen horror
 10643 | D:10     | Noticed Grum
 10655 | D:10     | Killed Grum
 10900 | D:10     | Got an ancient short sword
 10912 | D:10     | Noticed a two-headed ogre
 10920 | D:10     | Killed a two-headed ogre
 10920 | D:10     | Reached XP level 12. HP: 82/89 MP: 17/22
 11016 | D:10     | Identified the +8 short sword of Parts Unknown {vorpal,
                  | Dex+2 SInv Stlth+} (You found it on level 10 of the
                  | Dungeon)
 11239 | D:11     | Noticed a four-headed hydra
 11256 | D:11     | Killed a nine-headed hydra
 11739 | D:11     | Noticed a two-headed ogre
 11747 | D:11     | Killed a two-headed ogre
 11783 | D:11     | Noticed a two-headed ogre
 11793 | D:11     | Killed a two-headed ogre
 11803 | D:11     | Reached skill level 11 in Fighting
 12448 | D:11     | Found a staircase to the Orcish Mines.
 12741 | D:11     | Bought the ring "Tatouv" {rN+ EV+5} for 1125 gold pieces
 12821 | D:12     | You fall into a shaft and drop 1 floor!
 12821 | D:13     | Found a gate leading to a gauntlet.
 12821 | D:13     | Noticed a centaur warrior
 12834 | D:13     | Killed a centaur warrior
 12975 | Gauntlet | Entered a Gauntlet
 12975 | Gauntlet | Found a transporter.
 12978 | Gauntlet | Found a transporter.
 12979 | Gauntlet | Found a transporter.
 12980 | Gauntlet | Found a transporter.
 12983 | Gauntlet | Found a transporter.
 13044 | Gauntlet | Got a pair of ichor-stained boots
 13045 | Gauntlet | Identified the +1 pair of boots of the Thinker {rPois
                  | Dex+4} (You found it in a Gauntlet)
 13084 | Gauntlet | Found a transporter.
 13087 | Gauntlet | Got a sparkling pewter amulet
 13105 | Gauntlet | Found a transporter.
 13158 | Gauntlet | Noticed a minotaur
 13171 | Gauntlet | Killed a minotaur
 13186 | Gauntlet | Identified the amulet "Bukuwner" {+Rage rPois} (You found
                  | it in a Gauntlet)
 13251 | D:13     | Found Jeavunut's Assorted Antiques.
 13252 | D:13     | Noticed a tengu warrior
 13252 | D:13     | Noticed a tengu warrior
 13279 | D:12     | Reached XP level 13. HP: 86/95 MP: 24/24
 15501 | D:13     | Bought a scroll of remove curse for 93 gold pieces
 15501 | D:13     | Bought a scroll of identify for 62 gold pieces
 15976 | Lair:1   | Entered Level 1 of the Lair of Beasts
 16056 | Lair:1   | Found a dark tunnel.
 16067 | Volcano  | Entered a volcano
 16181 | Volcano  | Noticed a stone giant
 16229 | Volcano  | Found a radiant altar of Vehumet.
 16273 | Volcano  | Killed a stone giant
 16747 | Lair:1   | Reached XP level 14. HP: 85/102 MP: 26/26
 17067 | Lair:1   | Found a runed translucent door.
 17073 | Lair:1   | Noticed Bicerhas's ghost (journeyman MiBe)
 17305 | Lair:2   | Noticed Erica
 17326 | Lair:2   | Killed Erica
 17327 | Lair:2   | HP: 1/102 [spiny frog (9)]
 17895 | Lair:2   | Found a hole to the Spider Nest.
 18090 | Lair:2   | Noticed Harold
 18107 | Lair:2   | Killed Harold
 18107 | Lair:2   | Reached skill level 12 in Fighting
 18107 | Lair:2   | Reached skill level 10 in Long Blades
 18107 | Lair:2   | Reached skill level 10 in Throwing
 18134 | Lair:2   | Noticed Gastronok
 18153 | Lair:2   | Killed Gastronok
 18494 | Lair:3   | Noticed Snorg
 18513 | Lair:3   | Noticed Rupert
 18518 | Lair:3   | Noticed Fannar
 18524 | Lair:3   | HP: 5/103 [Snorg (17)]
 18525 | Lair:3   | Killed Snorg
 18975 | Lair:2   | Killed Fannar
 19029 | Lair:3   | Paralysed by Rupert for 2 turns
 19130 | Lair:3   | Killed Rupert
 19442 | Lair:3   | Got an iridescent shortbow
 19443 | Lair:3   | Identified the cursed +0 shortbow of Bogruw {vorpal, Dex+6}
                  | (You found it on level 3 of the Lair of Beasts)
 19522 | Lair:3   | Reached skill level 10 in Invocations
 19730 | Lair:3   | Found a staircase to the Swamp.
 19845 | Lair:3   | Got an ichor-stained long sword
 20148 | Lair:3   | Identified the +3 long sword of Equivalence {venom, Str+2
                  | Dex+5 SInv} (You found it on level 3 of the Lair of Beasts)
 21437 | Lair:5   | Found a staircase to the Slime Pits.
 22243 | Lair:4   | Reached XP level 15. HP: 99/109 MP: 28/28
 22446 | Lair:4   | Reached skill level 10 in Polearms
 22446 | Lair:4   | Reached skill level 10 in Dodging
 22721 | Lair:6   | Entered Level 6 of the Lair of Beasts
 23653 | Lair:6   | Got a faintly glowing lapis lazuli ring
 23665 | Lair:6   | Got a fine dagger
 23727 | Lair:6   | Identified the ring "Souxkoma" {+Inv rElec rF+} (You found
                  | it on level 6 of the Lair of Beasts)
 23728 | Lair:6   | Identified the +4 dagger "Edics" {elec, Str+4 Int+7 Dex-3}
                  | (You found it on level 6 of the Lair of Beasts)
 24051 | Lair:6   | Reached skill level 10 in Short Blades
 24051 | Lair:6   | Reached skill level 10 in Axes
 24051 | Lair:6   | Reached skill level 10 in Maces & Flails
 24051 | Lair:6   | Reached skill level 10 in Staves
 24051 | Lair:6   | Reached skill level 10 in Slings
 24051 | Lair:6   | Reached skill level 10 in Bows
 24051 | Lair:6   | Reached skill level 10 in Crossbows
 24051 | Lair:6   | Reached skill level 10 in Armour
 24051 | Lair:6   | Reached skill level 10 in Stealth
 24051 | Lair:6   | Reached skill level 10 in Shields
 24051 | Lair:6   | Reached skill level 10 in Unarmed Combat
 24051 | Lair:6   | Reached skill level 10 in Spellcasting
 24051 | Lair:6   | Reached skill level 10 in Evocations
 25435 | Lair:6   | Reached XP level 16. HP: 116/116 MP: 30/30
 25475 | Lair:6   | Reached skill level 13 in Fighting
 26102 | D:11     | Bought a runed scimitar for 231 gold pieces
 26142 | D:14     | Found Unoproge's Gadget Boutique.
 26924 | D:14     | You fall into a shaft and drop 1 floor!
 26924 | D:15     | Entered Level 15 of the Dungeon
 27021 | D:15     | Found Etuora Ybish's Gadget Emporium.
 27025 | D:15     | Bought a tremorstone for 285 gold pieces
 27025 | D:15     | Bought a wand of digging (3) for 266 gold pieces
 27454 | D:15     | Found a staircase to the Depths.
 27726 | Depths:1 | Entered Level 1 of the Depths
 28652 | Orc:1    | Entered Level 1 of the Orcish Mines
 29476 | Orc:2    | Entered Level 2 of the Orcish Mines
 29476 | Orc:2    | Found a staircase to the Elven Halls.
 29635 | Orc:2    | Noticed Jorgrun
 30062 | Orc:2    | Found Biash's Jewellery Boutique.
 30456 | Orc:2    | Paralysed by an orc sorcerer for 7 turns
 30473 | Orc:1    | Killed Jorgrun
 31194 | Orc:2    | Found Fysevulu's Magic Scroll Shop.
 31498 | Orc:2    | Found Qel Emats's Antique Armour Shoppe.
 31555 | Orc:2    | Bought a glowing scarf for 216 gold pieces
 31569 | Orc:2    | Found an ancient bone altar of Kikubaaqudgha.
 31578 | Orc:2    | Paralysed by an orc sorcerer for 2 turns
 31586 | Orc:2    | Paralysed by an orc sorcerer for 7 turns
 31692 | Orc:2    | Found a radiant altar of Vehumet.
 31705 | Orc:2    | Reached XP level 17. HP: 111/123 MP: 32/32
 31759 | Orc:2    | Found a roughly hewn altar of Beogh.
 31759 | Orc:2    | Found Ageep's Distillery.
 31780 | Orc:2    | Found Henkir's Gadget Emporium.
 31795 | Orc:2    | Found Wuypueho's Magic Scroll Shoppe.
 31840 | Orc:2    | Bought a scroll of enchant armour for 105 gold pieces
 31840 | Orc:2    | Bought a scroll of enchant armour for 105 gold pieces
 31840 | Orc:2    | Bought a scroll of blinking for 105 gold pieces
 31840 | Orc:2    | Bought a scroll of teleportation for 42 gold pieces
 31840 | Orc:2    | Bought a scroll of summoning for 133 gold pieces
 31840 | Orc:2    | Bought a scroll of blinking for 105 gold pieces
 31840 | Orc:2    | Bought a scroll of blinking for 105 gold pieces
 32058 | Orc:2    | Bought a faintly humming plate armour for 784 gold pieces
 32058 | Orc:2    | Bought an ichor-stained cloak for 266 gold pieces
 32058 | Orc:2    | Identified the +0 plate armour of the Disturbing Realms
                  | {rElec rPois rF- Dex+3} (You bought it in a shop on level 2
                  | of the Orcish Mines)
 32059 | Orc:2    | Identified the +5 cloak "Egehibeg" {rF- Dex+4 Slay+3} (You
                  | bought it in a shop on level 2 of the Orcish Mines)
 32277 | Spider:1 | Entered Level 1 of the Spider Nest
 32446 | Spider:1 | Noticed Louise
 32454 | Spider:1 | Cast into level 2 of the Abyss (Louise)
 32456 | Abyss:2  | Found a corrupted altar of Lugonu.
 32540 | Spider:1 | Escaped the Abyss
 32575 | Spider:1 | Killed Louise
 32791 | Spider:1 | Noticed Kirke
 32795 | Spider:1 | Noticed a sphinx
 32807 | Spider:1 | Killed Kirke
 33393 | Spider:1 | Noticed Azrael
 33404 | Spider:1 | Killed Azrael
 36207 | Spider:4 | Entered Level 4 of the Spider Nest
 36286 | Spider:4 | Noticed Arachne
 36324 | Spider:4 | Killed Arachne
 36627 | Spider:4 | Noticed Mara
 36632 | Spider:4 | Noticed wolfsongas's illusion
 36643 | Spider:4 | Killed Mara
 36643 | Spider:4 | Reached skill level 14 in Fighting
 36643 | Spider:4 | Reached skill level 10 in Conjurations
 36643 | Spider:4 | Reached skill level 10 in Hexes
 36643 | Spider:4 | Reached skill level 10 in Charms
 36643 | Spider:4 | Reached skill level 10 in Summonings
 36643 | Spider:4 | Reached skill level 10 in Necromancy
 36643 | Spider:4 | Reached skill level 10 in Translocations
 36643 | Spider:4 | Reached skill level 10 in Transmutations
 36643 | Spider:4 | Reached skill level 10 in Fire Magic
 36643 | Spider:4 | Reached skill level 10 in Ice Magic
 36643 | Spider:4 | Reached skill level 10 in Air Magic
 36643 | Spider:4 | Reached skill level 10 in Earth Magic
 36643 | Spider:4 | Reached skill level 10 in Poison Magic
 36643 | Spider:4 | Reached XP level 18. HP: 131/131 MP: 0/33
 37427 | Spider:4 | Got a gossamer rune of Zot
 37615 | Spider:4 | Identified the +1 pair of gloves "Gezxefos" {rPois}
 37615 | Spider:4 | Noticed Nikola
 37645 | Spider:4 | Killed Nikola
 38721 | Spider:4 | Upgraded the game from 0.25-a0-503-ge281fa6 to
                  | 0.25-a0-507-gf66f01b
 39079 | Orc:2    | Learned a level 4 spell: Summon Lightning Spire
 39112 | Elf:1    | Entered Level 1 of the Elven Halls
 39218 | Elf:1    | Noticed Donald
 39320 | Elf:1    | Found Pacupof's Distillery.
 39330 | Elf:1    | Bought a potion of invisibility for 120 gold pieces
 39330 | Elf:1    | Bought a potion of resistance for 150 gold pieces
 39330 | Elf:1    | Bought a potion of heal wounds for 75 gold pieces
 39330 | Elf:1    | Bought a potion of heal wounds for 75 gold pieces
 39330 | Elf:1    | Bought a potion of heal wounds for 75 gold pieces
 40315 | Elf:1    | Killed Donald
 40501 | Elf:1    | Cast into level 2 of the Abyss (a deep elf sorcerer)
 40522 | Elf:1    | Escaped the Abyss
 40576 | Elf:1    | Identified the Collected Works on Confrontation
 41212 | Swamp:1  | Entered Level 1 of the Swamp
 41765 | Swamp:1  | Noticed Aizul
 41779 | Swamp:1  | Killed Aizul
 42173 | Swamp:1  | Noticed Roxanne
 42581 | Swamp:2  | Reached XP level 19. HP: 134/137 MP: 35/35
 43963 | Swamp:3  | Identified the +5 long sword of Fimbulwinter {flame, Str+2}
                  | (You found it on level 3 of the Swamp)
 44337 | Swamp:4  | Entered Level 4 of the Swamp
 45682 | Swamp:4  | Got a decaying rune of Zot
 46293 | D:14     | Found a gate to the Vaults.
 46349 | Vaults:1 | Entered Level 1 of the Vaults
 46400 | Vaults:1 | Found a flickering gateway to a bazaar.
 46418 | Bazaar   | Entered a bazaar
 46425 | Bazaar   | Found Yghopnid's Food Shop.
 46426 | Bazaar   | Found Ebrerchue's Food Boutique.
 46447 | Bazaar   | Found Ynismaif's Food Shoppe.
 46447 | Bazaar   | Found Emutwil's General Store.
 46471 | Bazaar   | Found Wevai's Armour Shop.
 46492 | Bazaar   | Found Xemeklin's Antique Weapon Boutique.
 46542 | Bazaar   | Bought a glowing double sword for 558 gold pieces
 46720 | Vaults:1 | Noticed an Ice Fiend
 47565 | Vaults:1 | Noticed a lich
 47577 | Vaults:1 | Killed a lich
 47593 | Vaults:1 | Reached XP level 20. HP: 106/144 MP: 36/36
 47940 | Vaults:1 | Found Bufe's Weapon Boutique.
 47940 | Vaults:1 | Found Oraiwim's Magic Scroll Boutique.
 47948 | Vaults:1 | Reached skill level 15 in Fighting
 47959 | Vaults:1 | Bought a scroll of enchant armour for 120 gold pieces
 47959 | Vaults:1 | Bought a scroll of enchant armour for 120 gold pieces
 47987 | Vaults:1 | Found Qeut's Magic Scroll Boutique.
 48271 | Vaults:1 | Bought a scroll of identify for 38 gold pieces
 48271 | Vaults:1 | Bought a scroll of teleportation for 57 gold pieces
 48271 | Vaults:1 | Bought a scroll of enchant weapon for 142 gold pieces
 48581 | Vaults:2 | Learned a level 5 spell: Borgnjor's Vile Clutch
 49432 | Vaults:2 | Paralysed by an ogre mage for 4 turns
 49886 | Vaults:2 | Found Retedeoru's Weapon Shop.
 50145 | Vaults:2 | Found a staircase to the Crypt.
 50145 | Vaults:2 | Found a basalt altar of Yredelemnul.
 50145 | Vaults:2 | Found an ancient bone altar of Kikubaaqudgha.
 50710 | Vaults:3 | Paralysed by a sphinx for 4 turns
 51505 | Vaults:3 | Found Begelol's Jewellery Emporium.
 52052 | Vaults:3 | Noticed Bai Suzhen
 52074 | Vaults:3 | Killed Bai Suzhen
 52652 | Vaults:3 | Reached XP level 21. HP: 104/152 MP: 36/38
 52952 | Vaults:3 | Learned a level 2 spell: Passwall
 53914 | Vaults:4 | Identified the +1 robe of Space {rN++}
 56912 | Vaults:4 | Reached skill level 15 in Invocations
 57274 | Vaults:5 | Entered Level 5 of the Vaults
 58635 | Vaults:5 | Identified the ring of Xoxekledd {*Contam rF+ EV+2 Str+5}
 60026 | Vaults:4 | Reached XP level 22. HP: 136/159 MP: 40/40
 60429 | Vaults:5 | Noticed a golden dragon
 60761 | Vaults:5 | Noticed Boris
 60777 | Vaults:4 | Reached skill level 16 in Fighting
 60937 | Vaults:5 | Noticed a golden dragon
 60974 | Vaults:4 | HP: 8/160 [golden dragon/bolt of fire (5)]
 61483 | Vaults:4 | Killed a golden dragon
 61637 | Vaults:4 | Killed Boris
 61958 | Vaults:5 | Killed a golden dragon
 61960 | Vaults:5 | Identified the +1 scale mail "Amel Ugu" {-Cast rF++ Slay+3}
 61968 | Vaults:5 | Killed from afar by a deep elf high priest

Levels and vault maps discovered:
D:1:      scummos_arrival_checkerplants, layout_loops_ring
D:2:      layout_basic, nicolae_overflow_crystal_walls, first_ration,
          kennysheep_generic_room_13
D:3:      layout_loops_ring, lemuel_zombie_altar_kikubaaqudgha,
          ebering_ghost_rock_garden, minmay_box_of_dots, uniq_grinder
D:4:      minmay_evil_eye, layout_loops_corners, lemuel_round_altar,
          bloody_makhleb, nemelex_xobeh_ov_fountains_minmay,
          kennysheep_mini_moat, uniq_sigmund
D:5:      layout_loops_corners, tso_altar
D:6:      layout_basic, serial_co_window_serial, co_window_paths_a,
          co_window_corner_a, co_window_paths_a, co_window_paths_a,
          co_window_cross_1, co_window_paths_b, co_window_corner_b,
          co_window_corner_b, co_window_of_opportunity_c, co_window_corner_ca,
          co_window_paths_c, co_window_paths_d, glass_columns_c,
          lightli_ossuary_entry_decrepit_ruins
D:7:      layout_loops_ring, nicolae_dithmenos_the_darkroom, temple_doors_cd,
          basic_altar
D:8:      layout_loops_ring, grunt_lair_entry_orc_guard_hut, basic_altar,
          hangedman_pestilent_swarm, uniq_maggie, uniq_maurice
D:9:      layout_gridville, serial_shops, shop
D:10:     layout_roguey, uniq_grum, uniq_nergalle
D:11:     layout_long_grid, orc_0_dummy, minmay_misc_feat_more_columns
D:12:     layout_basic
D:13:     layout_basic, serial_shops, shop, gauntlet_entry_generic
D:14:     layout_roguey, grunt_vaults_entry_fortified, serial_shops, shop,
          minmay_fountain_box, minmay_crystal_water, argonaut_gorgonesque
D:15:     grunt_enter_depths_hoard, layout_gridville, serial_shops,
          shop_fountains
Temple:   eino_narrow_crystal_temple
Lair:1:   layout_gridlike, lightli_volcano_entry_magma_tube,
          ebering_ghost_reflecting_pool
Lair:2:   layout_gridlike, spider_nest_entry_web_field, uniq_gastronok,
          uniq_harold, uniq_erica
Lair:3:   layout_roguey, palyth_hydra_swamp_entry, serial_bayou_shore_b,
          uniq_snorg, uniq_rupert, uniq_fannar
Lair:4:   layout_misc_corridors, st_stairs_5, grunt_megastairs_3,
          serial_bayou_shore_b
Lair:5:   layout_loops_ring, nicolae_slime_entry_slimehenge
Lair:6:   minmay_lair_end_frog_pond, layout_cave_pods, st_stairs_5,
          minmay_shattered_shrine
Swamp:1:  layout_falls_marsh, evilmike_swamp_ruin_house_3, swamp_pool1,
          uniq_aizul, uniq_roxanne
Swamp:2:  layout_falls_marsh, nicolae_swamp_trees_clearing
Swamp:3:  layout_basic_swamp, evilmike_swamp_ruin_house_1
Swamp:4:  swamp_basic_johnstein, layout_basic_swamp
Spider:1: layout_spider_delve, nicolae_crawler_farm, uniq_louise, uniq_kirke,
          uniq_azrael
Spider:2: layout_spider_delve
Spider:3: layout_spider_delve, nicolae_spider_cling_halls
Spider:4: johnstein_spider_rune_arachne_lair, uniq_mara, uniq_nikola
Orc:1:    layout_caves
Orc:2:    kennysheep_orc_mage_school, layout_diamond_mine, serial_shops,
          nicolae_shop_trees, nicolae_shop_stone, uniq_jorgrun
Elf:1:    layout_geoelf_grid, serial_shops, nicolae_shop_behind_doors,
          minmay_elf_sorcery, hex_large, uniq_donald
Elf:2:    layout_geoelf_octagon
Vaults:1: vaults_mumra_chevron_long, hangedman_vaults_nodes,
          grunt_vaults_hallway_long, vaults_room_hallway,
          hangedman_vaults_corner, hangedman_vaults_hard_town_square, v_misc_29,
          hangedman_vaults_locks, ontoclasm_vaults_idyll,
          nicolae_vaults_little_squares_3, vaults_mumra_minichess,
          layout_vaults_maze, serial_shops, bzr_entry_gold
Vaults:2: hangedman_vaults_stretched_pinwheel, v_misc_1,
          nicolae_vaults_little_squares_4, hangedman_vaults_stretched_pinwheel,
          vaults_room_fours, nicolae_vaults_little_ls, hangedman_vaults_cutoff,
          minmay_crypt_entry_necro_gods, nicolae_vaults_little_squares_2,
          hangedman_vaults_cutoff, dpeg_vaults_monster_box,
          vaults_standard_mumra_enter_the_diamond, v_misc_15,
          layout_vaults_omnigrid, serial_shops, nicolae_shop_stone
Vaults:3: nicolae_vaults_ninety_degrees, nicolae_vaults_rhombus_6,
          v_alt_pattern_5, nicolae_vaults_theta, vaults_mumra_hexcomb,
          v_misc_22, nicolae_vaults_sealed_display, layout_vaults_chaotic_city,
          serial_shops, shop, uniq_bai_suzhen
Vaults:4: hangedman_vaults_stretched_pinwheel, ontoclasm_vaults_ligature,
          nicolae_vaults_little_squares_5, vaults_room_octagon,
          nicolae_vaults_quartermaster, v_misc_25,
          vaults_mumra_minichess_inversion, vaults_room_semicircle,
          hangedman_vaults_capsules, hangedman_vaults_nails,
          ontoclasm_vaults_bender, grunt_vaults_focal, v_misc_27, v_misc_3,
          layout_vaults_omnibox
Vaults:5: serial_shops, uniq_boris
Depths:1: layout_big_octagon, grunt_metal_band, chequers_serial_rivers_small_3,
          kennysheep_potato

Skill      XL: |  1  2  3  4  5  6  7  8  9 10 11 12 13 14 15 16 17 18 19 20 21 22 |
---------------+-------------------------------------------------------------------+-----
Invocations    | 1 2 3 4 5 6 7 8 9 10 11 12 13 14 15 | 15.4
Short Blades   | 1 2 3 4 5 6 7 8 9 10 11 12 13 14 | 14.3
Axes           | 1 2 3 4 5 6 7 8 9 10 11 12 13 14 | 14.3
Maces & Flails | 1 2 3 4 5 6 7 8 9 10 11 12 13 14 | 14.3
Staves         | 1 2 3 4 5 6 7 8 9 10 11 12 13 14 | 14.3
Slings         | 1 2 3 4 5 6 7 8 9 10 11 12 13 14 | 14.3
Bows           | 1 2 3 4 5 6 7 8 9 10 11 12 13 14 | 14.3
Crossbows      | 1 2 3 4 5 6 7 8 9 10 11 12 13 14 | 14.3
Armour         | 1 2 3 4 5 6 7 8 9 10 11 12 13 14 | 14.3
Stealth        | 1 2 3 4 5 6 7 8 9 10 11 12 13 14 | 14.3
Shields        | 1 2 3 4 5 6 7 8 9 10 11 12 13 14 | 14.3
Unarmed Combat | 1 2 3 4 5 6 7 8 9 10 11 12 13 14 | 14.3
Spellcasting   | 1 2 3 4 5 6 7 8 9 10 11 12 13 14 | 14.3
Evocations     | 1 2 3 4 5 6 7 8 9 10 11 12 13 14 | 14.3
Conjurations   | 1 2 3 4 5 6 7 8 9 10 11 12 | 12.3
Hexes          | 1 2 3 4 5 6 7 8 9 10 11 12 | 12.3
Charms         | 1 2 3 4 5 6 7 8 9 10 11 12 | 12.3
Summonings     | 1 2 3 4 5 6 7 8 9 10 11 12 | 12.3
Necromancy     | 1 2 3 4 5 6 7 8 9 10 11 12 | 12.3
Translocations | 1 2 3 4 5 6 7 8 9 10 11 12 | 12.3
Transmutations | 1 2 3 4 5 6 7 8 9 10 11 12 | 12.3
Fire Magic     | 1 2 3 4 5 6 7 8 9 10 11 12 | 12.3
Ice Magic      | 1 2 3 4 5 6 7 8 9 10 11 12 | 12.3
Air Magic      | 1 2 3 4 5 6 7 8 9 10 11 12 | 12.3
Earth Magic    | 1 2 3 4 5 6 7 8 9 10 11 12 | 12.3
Poison Magic   | 1 2 3 4 5 6 7 8 9 10 11 12 | 12.3
Polearms       | 3 4 5 6 7 8 9 10 11 12 13 14 | 14.5
Dodging        | 3 4 5 6 7 8 9 10 11 12 13 14 | 14.5
Long Blades    | 5 6 7 8 9 10 11 12 13 14 | 14.9
Throwing       | 5 6 7 8 9 10 11 12 13 14 | 14.9
Fighting       | 9 10 11 12 13 14 15 16 | 16.1

Action                   |  1- 3 |  4- 6 |  7- 9 | 10-12 | 13-15 | 16-18 | 19-21 | 22-24 || total
-------------------------+-------+-------+-------+-------+-------+-------+-------+-------++-------
Melee: Falchion          |    96 |    87 |    68 |       |       |       |       |       ||   251
       Bite              |    10 |    11 |    64 |   104 |   249 |   348 |   396 |    46 ||  1228
       Kick              |    14 |    35 |   179 |   262 |       |       |       |       ||   490
       Punch             |       |     2 |     2 |     2 |       |       |     3 |       ||     9
       Spear             |       |       |   192 |       |       |       |       |       ||   192
       Quarterstaff      |       |       |   201 |       |       |       |       |       ||   201
       Scimitar          |       |       |    23 |   648 |  1322 |   715 |       |       ||  2708
       Headbutt          |       |       |       |   163 |   462 |   624 |   744 |    66 ||  2059
       Short sword       |       |       |       |       |    18 |       |       |       ||    18
       Long sword        |       |       |       |       |       |     8 |     6 |       ||    14
       Demon trident     |       |       |       |       |       |   417 |       |       ||   417
       Demon blade       |       |       |       |       |       |   606 |  1845 |   100 ||  2551
       Unarmed           |       |       |       |       |       |     5 |       |       ||     5
       Double sword      |       |       |       |       |       |       |    22 |    37 ||    59
       Broad axe         |       |       |       |       |       |       |    16 |    30 ||    46
 Cast: Summon Lightning  |       |       |       |       |       |    11 |    12 |       ||    23
       Borgnjor's Vile C |       |       |       |       |       |       |     1 |       ||     1
Invok: Potion Petition   |       |       |       |     1 |     1 |     1 |     1 |     1 ||     5
       Call Merchant     |       |       |       |     1 |       |     2 |       |       ||     3
       Bribe Branch      |       |       |       |       |       |       |     1 |       ||     1
 Abil: Evoke Berserk Rag |       |       |       |       |     8 |     4 |     8 |     1 ||    21
       Evoke Invisibilit |       |       |       |       |       |     4 |    21 |     4 ||    29
       Stop Flying       |       |       |       |       |       |       |     1 |       ||     1
Evoke: Wand              |       |       |       |     3 |     4 |     6 |     1 |       ||    14
       Tremorstone       |       |       |       |       |       |     1 |       |       ||     1
  Use: Scroll            |     5 |     2 |    14 |    13 |    24 |    26 |    31 |     2 ||   117
       Potion            |     1 |     5 |     5 |     9 |    11 |     8 |    11 |     2 ||    52
 Stab: Sleeping          |     1 |       |       |       |       |     2 |       |       ||     3
       Invisible         |       |     6 |       |     8 |       |    22 |    88 |     5 ||   129
       Distracted        |       |       |       |     3 |     7 |    21 |    24 |     3 ||    58
       Petrified         |       |       |       |       |       |     3 |       |       ||     3
  Eat: Chunk             |       |     1 |    15 |       |       |       |       |       ||    16
       Ration            |       |     1 |     3 |     6 |    14 |    18 |    22 |     2 ||    66
Armor: Leather armour    |    28 |       |       |       |       |       |       |       ||    28
       Chain mail        |    25 |    41 |   173 |       |       |       |       |       ||   239
       Plate armour      |       |       |   106 |   324 |   366 |   635 |   633 |    90 ||  2154
       Skin              |       |       |    34 |    27 |       |       |       |       ||    61
       Ring mail         |       |       |       |     2 |       |       |       |       ||     2
Dodge: Dodged            |    49 |    26 |   244 |   301 |   541 |   767 |   771 |    83 ||  2782
Block: Buckler           |       |       |       |   258 |    20 |       |       |       ||   278
       Kite shield       |       |       |       |       |  1005 |  1200 |  1226 |   181 ||  3612
       Reflection        |       |       |       |       |       |    39 |    50 |       ||    89
       Rpst.: Falchion   |    17 |     9 |     8 |       |       |       |       |       ||    34
       Scimitar          |       |       |     1 |    72 |   144 |    73 |       |       ||   290
       Long sword        |       |       |       |       |       |     1 |     1 |       ||     2
       Demon blade       |       |       |       |       |       |    44 |   117 |     5 ||   166
       Double sword      |       |       |       |       |       |       |     1 |       ||     1

Table legend:
 A = Non-vault XP
 B = Vault XP
 C = Vault XP percentage of total XP
 D = Non-vault monster count
 E = Vault monster count
 F = Vault count percentage of total count
                 A         B        C        D         E       F
            +---------+---------+-------+---------+---------+-------
      Total |  366995 |  271015 |  42.5 |    1185 |     470 |  28.4
            +---------+---------+-------+---------+---------+-------
        D:1 |      46 |       0 |   0.0 |      30 |       0 |   0.0
        D:2 |      53 |       1 |   1.9 |      14 |       1 |   6.7
        D:3 |     119 |     477 |  80.0 |      20 |       8 |  28.6
        D:4 |     260 |     216 |  45.4 |      16 |       3 |  15.8
        D:5 |     865 |       0 |   0.0 |      29 |       0 |   0.0
        D:6 |    1233 |       0 |   0.0 |      23 |       0 |   0.0
        D:7 |    1409 |       0 |   0.0 |      27 |       0 |   0.0
        D:8 |    2450 |    2145 |  46.7 |      23 |      12 |  34.3
        D:9 |    4170 |       0 |   0.0 |      43 |       0 |   0.0
       D:10 |    3382 |    1247 |  26.9 |      24 |       4 |  14.3
       D:11 |    7883 |       0 |   0.0 |      48 |       0 |   0.0
       D:12 |    5713 |       0 |   0.0 |      38 |       0 |   0.0
       D:13 |   11534 |       0 |   0.0 |      43 |       0 |   0.0
       D:14 |    5514 |   10137 |  64.8 |      25 |      16 |  39.0
       D:15 |   15958 |    2048 |  11.4 |      37 |       2 |   5.1
     Lair:1 |    2712 |       0 |   0.0 |      14 |       0 |   0.0
     Lair:2 |    3627 |    5128 |  58.6 |      18 |       4 |  18.2
     Lair:3 |    4162 |    6389 |  60.6 |      20 |       7 |  25.9
     Lair:4 |   10689 |    1891 |  15.0 |      24 |       4 |  14.3
     Lair:5 |    4446 |     110 |   2.4 |      13 |       5 |  27.8
     Lair:6 |   23237 |   19234 |  45.3 |      57 |      60 |  51.3
    Swamp:1 |   13206 |    1529 |  10.4 |      35 |       1 |   2.8
    Swamp:2 |    9620 |       0 |   0.0 |      31 |       0 |   0.0
    Swamp:3 |   14583 |       0 |   0.0 |      37 |       0 |   0.0
    Swamp:4 |   13521 |   17868 |  56.9 |      27 |      34 |  55.7
   Spider:1 |   14304 |    8530 |  37.4 |      42 |      16 |  27.6
   Spider:2 |   11056 |       0 |   0.0 |      26 |       0 |   0.0
   Spider:3 |    8189 |       0 |   0.0 |      29 |       0 |   0.0
   Spider:4 |   11161 |   36293 |  76.5 |      29 |      40 |  58.0
      Orc:1 |    6762 |    3205 |  32.2 |      48 |       1 |   2.0
      Orc:2 |    5372 |    7468 |  58.2 |      44 |      34 |  43.6
      Elf:1 |   13448 |    9549 |  41.5 |      26 |      14 |  35.0
      Elf:2 |     794 |       0 |   0.0 |       1 |       0 |   0.0
   Vaults:1 |   16552 |   15358 |  48.1 |      29 |      37 |  56.1
   Vaults:2 |   36375 |   10876 |  23.0 |      49 |      23 |  31.9
   Vaults:3 |   29250 |   21736 |  42.6 |      55 |      23 |  29.5
   Vaults:4 |   49672 |   67723 |  57.7 |      82 |      66 |  44.6
   Vaults:5 |    3668 |   12431 |  77.2 |       9 |       9 |  50.0
    Abyss:2 |       0 |     862 | 100.0 |       0 |       1 | 100.0
    Ossuary |       0 |     428 | 100.0 |       0 |      16 | 100.0
    Volcano |       0 |    5152 | 100.0 |       0 |      19 | 100.0
   Gauntlet |       0 |    2984 | 100.0 |       0 |      10 | 100.0
            +---------+---------+-------+---------+---------+-------
